Cogmind - Beta 12 @@@ ROGUE MODE // 2024.01.12 @ 18:29:34 Player: puppuppit Result: Destroyed by G-47 Trooper with Particle Gun Performance ------------- Evolutions (2) 1000 Regions Visited (8) 1600 Robots Destroyed (90) 450 Value Destroyed (3976) 3976 Prototype IDs (35) 700 Alien Tech Used (0) 0 Bonus (1884) 1884 TOTAL SCORE: 9610 Bonus ------- High Alert Combat Kills 394 Follower Combat Kills 521 Entered Garrisons 400 Used RIF Installer 500 Aligned with FarCom 300 Friendly Fire -231 Cogmind --------- Core Integrity 0/550 Matter 285/300 Energy 44/100 System Corruption 8% Temperature Warm (137) Movement Flying (37) Location -8/Garrison Parts ------- > --- POWER (1) -------- (None) > --- PROPULSION (4) --- Flight Unit Flight Unit > --- UTILITY (4) ------ Small Storage Unit System Shield Relay Coupler [Swarmer] (7) > --- WEAPON (2) ------- (None) > --- INVENTORY (8) ---- Authchip [R/Combat] Authchip [R/Combat] Relay Coupler [NC] (28) Relay Coupler [NC] (31) Relay Coupler [NC] (28) Relay Coupler [Hunter] (18) Skeleton Box Improved Datajack Peak State ------------ > --- POWER ------------ Light Nuclear Core > --- PROPULSION ------- Carbon-fiber Leg Carbon-fiber Leg Cesium-ion Thruster Cesium-ion Thruster > --- UTILITY ---------- Small Storage Unit Weight Redist. System System Shield Relay Coupler [Hunter] > --- WEAPON ----------- Advanced EMP Blaster Plasma Flamer > --- INVENTORY -------- Authchip [R/Combat] Authchip [R/Combat] Authchip [R/Combat] Relay Coupler [NC] Relay Coupler [NC] Relay Coupler [NC] Relay Coupler [Hunter] Skeleton Box [Rating: 37] Favorites ----------- Power Light Nuclear Core Engine Light Ion Engine Power Core Light Nuclear Core Propulsion Cesium-ion Thruster Leg Improved Titanium Leg Wheel Wheel Hover Unit Hover Unit Flight Unit Cesium-ion Thruster Utility Small Storage Unit Device Weight Redist. System Storage Small Storage Unit Hackware System Shield Protection Layered Light Armor Plating Weapon Assault Rifle Energy Gun Pulse Rifle Energy Cannon EM Pulse Cannon Ballistic Gun Assault Rifle Ballistic Cannon Improved Light Cannon Launcher Advanced EMP Blaster Special Weapon Plasma Flamer Special Melee Weapon Datajack Build | -11 -10 -10 -10 -9 -8 -8 -8 -8 ------- Run | Jun Mat Min Exi Min Mat Gar Sto Gar Slots Evolved 4 | . . . . . 4 . . . Power . | . . . . . . . . . Propulsion 2 | . . . . . 2 . . . Utility 2 | . . . . . 2 . . . Weapon . | . . . . . . . . . Parts Attached 148 | 11 6 17 . 3 43 40 7 21 Power 20 | 3 2 2 . . 5 3 1 4 Engine 8 | 3 2 2 . . . 1 . . Core 12 | . . . . . 5 2 1 4 Reactor . | . . . . . . . . . Propulsion 36 | 3 1 6 . 2 6 7 5 6 Treads . | . . . . . . . . . Leg 11 | . . . . . 2 5 . 4 Wheel 12 | 3 1 6 . 2 . . . . Hover 2 | . . . . . 2 . . . Flight 11 | . . . . . 2 2 5 2 Utility 24 | 2 3 1 . . 5 10 . 3 Device 10 | 1 . 1 . . 3 5 . . Storage 4 | 1 2 . . . 1 . . . Processor . | . . . . . . . . . Hackware 8 | . 1 . . . 1 5 . 1 Protection 2 | . . . . . . . . 2 Artifact . | . . . . . . . . . Weapon 68 | 3 . 8 . 1 27 20 1 8 Energy Gun 13 | 2 . 3 . . 2 1 . 5 Energy Cannon 1 | . . . . . 1 . . . Ballistic Gun 2 | 1 . . . . 1 . . . Ballistic Cannon 6 | . . . . . 3 3 . . Launcher 30 | . . 5 . . 13 10 . 2 Special Weapon 7 | . . . . 1 3 3 . . Impact Weapon . | . . . . . . . . . Slashing Weapon . | . . . . . . . . . Piercing Weapon . | . . . . . . . . . Special Melee Weapon 9 | . . . . . 4 3 1 1 Unidentified Prototypes 3 | . . . . . 3 . . . Corrupted Parts 1 | . . . . . . 1 . . System Corruption 6 | . . . . . . 6 . . Parts Lost 20 | . . 2 . . 6 4 . 8 Power 3 | . . . . . 2 1 . . Propulsion 12 | . . . . . 4 2 . 6 Utility 3 | . . 1 . . . . . 2 Weapon 2 | . . 1 . . . 1 . . Highest Loss Streak 5 | . . 1 . . 2 2 . 5 To Critical Strikes . | . . . . . . . . . Average Slot Usage (%) 93 | . 100 99 100 100 72 97 99 93 Engine 5 | . 14 14 14 14 . 1 . . Core 5 | . . . . . 8 7 9 8 Leg 6 | . . . . . 1 15 6 13 Wheel 10 | . 28 28 28 28 6 . . . Flight 11 | . . . . . 9 20 29 20 Device 11 | . 11 9 14 14 18 12 9 1 Storage 10 | . 14 14 14 14 9 9 9 9 Hackware 9 | . 2 4 . . 3 14 18 17 Protection 1 | . . . . . . . . 6 Energy Gun 4 | . 14 3 . . . . . 14 Ballistic Gun 4 | . 14 14 14 2 . . . . Ballistic Cannon 1 | . . . . . 1 4 . . Launcher 4 | . . 9 14 14 2 4 9 1 Special Weapon 1 | . . . . 12 5 . 7 . Special Melee Weapon 1 | . . . . . 1 4 . . Naked Turns . | . . . . . . . . . Heaviest Build 28 | 13 18 15 15 16 28 23 19 22 Greatest Support 56 | 26 20 26 20 20 26 56 36 20 Greatest Overweight (x) 2 | . . . . . 2 1 1 2 Average Overweight (x) . | . . . . . . . . . Largest Inventory Capacity 10 | 8 10 8 8 8 8 8 8 8 Average Capacity 8 | 6 9 8 8 8 8 8 8 8 Most Carried 10 | 4 10 8 8 8 8 8 8 8 Average Carried 7 | 1 8 7 8 8 7 7 8 7 Final Capacity 8 | 8 8 8 8 8 8 8 8 8 Final Carried 8 | 4 8 8 8 8 8 8 8 8 Class Distribution -------------------- 39% | Mutant 29% | Scavenger-Mutant 21% | Bothacker-Mutant 5% | Sprinter 4% | Commander-Sprinter Dominant Class ---------------- Scavenger-Mutant | -10/Materials Mutant | -10/Mines Mutant | -10/Exiles Mutant | -9/Mines Mutant | -8/Materials Scavenger-Mutant | -8/Garrison Commander-Sprinter | -8/Storage Bothacker-Mutant | -8/Garrison Resources | -11 -10 -10 -10 -9 -8 -8 -8 -8 ----------- Run | Jun Mat Min Exi Min Mat Gar Sto Gar Matter Collected 2650 | 203 158 273 . 58 919 699 64 276 Remotely 799 | . . . . . 496 303 . . Salvage Created 2420 | 84 233 326 . 58 968 322 69 360 Parts 152 | 4 22 30 . 9 45 18 4 20 Haulers Intercepted 2 | . 1 . . . 1 . . . Recyclers Shooed 3 | . . . . 2 . . 1 . Parts Field Recycled . | . . . . . . . . . Retrieved Matter . | . . . . . . . . . Parts Self-Destructed . | . . . . . . . . . Prevented . | . . . . . . . . . Kills | -11 -10 -10 -10 -9 -8 -8 -8 -8 ------- Run | Jun Mat Min Exi Min Mat Gar Sto Gar Combat Hostiles Destroyed 66 | . 4 17 . . 21 13 1 10 Guns 14 | . 4 5 . . . . . 5 Cannons 12 | . . . . . 8 4 . . AOE 33 | . . 12 . . 11 6 . 4 Classes Destroyed 13 | 2 6 1 . . 4 . . . Worker 2 | . . 1 . 1 . . . . Builder 8 | . 1 . . 2 5 . . . Tunneler 3 | 1 . 1 . 1 . . . . Hauler 2 | . 1 . . . 1 . . . Recycler 1 | 1 . . . . . . . . Operator 3 | . 1 . . . 1 . 1 . Watcher 4 | . 2 . . . 1 . 1 . Swarmer 19 | . 2 8 . . . 6 . 3 Grunt 29 | . 2 9 . . 13 1 . 4 Brawler 4 | . . . . . 1 3 . . Duelist 1 | . . . . . 1 . . . Sentry 10 | . . . . . 5 1 1 3 Hunter 4 | . . . . . 2 2 . . Best Kill Streak 6 | 2 4 6 . 4 6 3 2 3 Combat Bots Only 5 | . 2 5 . . 4 3 1 3 Max Kills in Single Turn 3 | 1 1 2 . 1 2 2 1 3 Gunslinging . | . . . . . . . . . Exploded 3 | . . 2 . . 1 2 . 3 Melee . | . . . . . . . . . Uniques/NPCs Destroyed . | . . . . . . . . . Combat | -11 -10 -10 -10 -9 -8 -8 -8 -8 -------- Run | Jun Mat Min Exi Min Mat Gar Sto Gar Damage Taken 3083 | . 184 383 . . 750 488 58 1220 Core 646 | . 22 65 . . 179 37 43 300 Absorbed by Shields 77 | . . . . . 24 15 . 38 Core Remaining (%) 82 | 100 . . . 65 . . . . Volleys Fired 266 | 3 31 29 . 10 76 69 7 41 Largest 2 | 2 2 2 . 1 2 2 1 2 Hottest 150 | 70 70 70 . 100 150 139 100 128 Shots Fired 353 | 6 62 44 . 10 89 81 7 54 Gun 153 | 6 62 31 . . 2 5 . 47 Cannon 64 | . . . . . 16 48 . . Launcher 77 | . . 13 . . 34 21 2 7 Special 59 | . . . . 10 37 7 5 . Kinetic 127 | 3 31 29 . . 16 48 . . Thermal 149 | 3 31 2 . 10 39 12 5 47 Explosive 27 | . . 13 . . 11 3 . . Electromagnetic 50 | . . . . . 23 18 2 7 Robot Hit Streak 23 | 4 15 5 . 8 11 23 8 18 Robot Miss Streak 4 | . 3 4 . 1 3 2 . 2 Penetration Max . | . . . . . . . . . Secondary Targets 1 | . . . . . . . . 1 Max Gunslinging Chain 1 | . . . . . . . . 1 Shots Hit Robots 223 | 4 39 20 . 8 57 51 5 39 Core Hits 141 | 3 13 27 . 4 55 15 4 20 Critical Kills . | . . . . . . . . . Critical Parts Destroyed 1 | . . 1 . . . . . . Critical Strikes 14 | . 3 1 . 1 6 2 . 1 Burn 11 | . 3 . . 1 5 1 . 1 Destroy 1 | . . 1 . . . . . . Blast 2 | . . . . . 1 1 . . Melee Attacks 25 | . . . . . 3 19 1 2 Impact . | . . . . . . . . . Slashing . | . . . . . . . . . Piercing . | . . . . . . . . . Sneak Attacks 13 | . . . . . 3 10 . . Combat Hostiles 4 | . . . . . 3 1 . . Follow-up Attacks . | . . . . . . . . . Damage Inflicted 6381 | 47 481 1154 . 108 2302 1098 177 1014 Guns 1432 | 47 481 218 . . 28 74 . 584 Cannons 770 | . . . . . 226 544 . . Explosions 3503 | . . 936 . . 1603 417 117 430 Melee . | . . . . . . . . . Ramming 1 | . . . . . . . 1 . Kinetic 1189 | 23 203 193 . . 226 544 . . Thermal 1867 | 24 278 25 . 108 607 137 59 629 Explosive 1553 | . . 936 . . 559 58 . . Electromagnetic 1771 | . . . . . 910 359 117 385 Impact . | . . . . . . . . . Slashing . | . . . . . . . . . Piercing . | . . . . . . . . . Highest Corruption 8 | . . . . . . 7 7 8 Average Corruption 5 | . . . . . . 4 7 7 Corruption Purged . | . . . . . . . . . Corruption Blocked . | . . . . . . . . . Effects 48 | . . . . . . 24 4 20 Message Errors 11 | . . . . . . 6 1 4 Matter Fused 8 | . . . . . . 5 1 2 Heat Flow Errors 7 | . . . . . . 4 . 3 Energy Discharges 5 | . . . . . . 3 . 2 Data Loss (minor) 9 | . . . . . . 3 2 4 Data Loss (major) 3 | . . . . . . 1 . 2 Misfires 1 | . . . . . . . . 1 Alerts 2 | . . . . . . 2 . . Weapon Failures 2 | . . . . . . . . 2 Overload Shots . | . . . . . . . . . Overflow Damage 214 | . . 126 . . 34 38 . 16 Projectiles 36 | . . . . . 3 33 . . Explosions 178 | . . 126 . . 31 5 . 16 Melee . | . . . . . . . . . Knockbacks 9 | . . . . . 2 7 . . Impact . | . . . . . . . . . Kinetic 9 | . . . . . 2 7 . . Secondary . | . . . . . . . . . Self-Inflicted Damage 247 | . . 79 . . 60 68 . 40 Shots 15 | . . 3 . . 6 4 . 2 Rammed 1 | . . . . . . . 1 . Targets Rammed 1 | . . . . . . . 1 . Kicked . | . . . . . . . . . Crushed . | . . . . . . . . . Highest Temperature 309 | 18 54 9 . 120 305 284 247 309 Average Temperature 73 | 9 17 4 . 51 71 86 87 104 Received Heat Transfer 1252 | . 48 132 . . 313 153 27 579 Effects 3 | . . . . . . 1 1 1 Energy Bleed 3 | . . . . . . 1 1 1 Siege Activations . | . . . . . . . . . Robots Corrupted 1 | . . . . . . 1 . . Combat Hostiles 1 | . . . . . . 1 . . Parts Fried 2 | . . . . . 1 1 . . Impact Corruptions . | . . . . . . . . . Robots Melted 6 | . . . . . 2 2 1 1 Combat Hostiles 6 | . . . . . 2 2 1 1 Parts Melted 10 | . 2 . . . 4 . 1 3 Heat Transferred 7765 | 74 1036 74 . 800 3664 688 320 1109 Parts Sabotaged . | . . . . . . . . . Parts Stolen . | . . . . . . . . . Parts Stripped . | . . . . . . . . . Power Chain Reactions 8 | . . . . . 5 1 . 2 Missiles Intercepted . | . . . . . . . . . Alert | -11 -10 -10 -10 -9 -8 -8 -8 -8 ------- Run | Jun Mat Min Exi Min Mat Gar Sto Gar Peak Influence 1221 | 10 174 392 . 20 694 1221 716 1067 Initial 594 | . 6 4 . . 7 451 594 465 Average 554 | 3 62 258 . 10 275 935 623 931 Maximum Alert Level 4 | . . 1 . . 2 4 3 3 Low Security (%) 30 | 100 100 38 . 100 42 . . . Level 1 15 | . . 61 . . 33 . . . Level 2 13 | . . . . . 24 18 94 4 Level 3 27 | . . . . . . 36 5 95 Level 4 13 | . . . . . . 44 . . Level 5 . | . . . . . . . . . High Security . | . . . . . . . . . Max Security . | . . . . . . . . . Squads Dispatched 13 | . 3 1 . . 8 . 1 . Investigation 4 | . 2 1 . . 1 . . . Extermination . | . . . . . . . . . Reinforcement 3 | . 1 . . . 2 . . . Assault . | . . . . . . . . . Garrison 6 | . . . . . 5 . 1 . Intercept . | . . . . . . . . . Searches Triggered . | . . . . . . . . . Construction Impeded 1 | . . . . . 1 . . . Haulers Reinforced . | . . . . . . . . . Active Scanning Responses . | . . . . . . . . . Cargo Convoy Interrupts . | . . . . . . . . . Stealth | -11 -10 -10 -10 -9 -8 -8 -8 -8 --------- Run | Jun Mat Min Exi Min Mat Gar Sto Gar Distress Signals 5 | . . . . . 5 . . . Communications Jammed . | . . . . . . . . . Distress Signals . | . . . . . . . . . Times Spotted 115 | . 15 15 . . 37 18 6 24 Peak Tracking Total 8 | . 3 3 . . 5 4 3 8 Tactical Retreats 1 | . . . . . 1 . . . Traps | -11 -10 -10 -10 -9 -8 -8 -8 -8 ------- Run | Jun Mat Min Exi Min Mat Gar Sto Gar Traps Triggered 6 | . 1 . . . 1 3 . 1 Indirectly . | . . . . . . . . . Trap Hack Attempts 58 | . . . . . . 58 . . Triggered . | . . . . . . . . . Disarmed 3 | . . . . . . 3 . . Reprogrammed 4 | . . . . . . 2 2 . Reused . | . . . . . . . . . Traps Extracted . | . . . . . . . . . Installed . | . . . . . . . . . Triggered . | . . . . . . . . . Machines | -11 -10 -10 -10 -9 -8 -8 -8 -8 ---------- Run | Jun Mat Min Exi Min Mat Gar Sto Gar Machines Disabled 19 | . . 3 . . 6 8 . 2 Max in Single Turn 2 | . . 1 . . 2 2 . 1 Garrison Relay 7 | . . . . . . 5 . 2 Machines Repaired . | . . . . . . . . . Machines Sabotaged . | . . . . . . . . . Overloaded Fab Kills . | . . . . . . . . . Hacking | -11 -10 -10 -10 -9 -8 -8 -8 -8 --------- Run | Jun Mat Min Exi Min Mat Gar Sto Gar Machines Accessed 36 | . 7 1 5 . 9 4 9 1 Terminals 27 | . 7 1 . . 7 4 7 1 Fabricators . | . . . . . . . . . Repair Stations 1 | . . . . . 1 . . . Recycling Units 1 | . . . . . . . 1 . Scanalyzers . | . . . . . . . . . Garrison Access 2 | . . . . . 1 . 1 . Total Hacks 137 | . 27 5 50 . 27 6 21 1 Successful 84 | . 11 3 50 . 9 3 8 . Failed 52 | . 16 1 . . 18 3 13 1 Catastrophic 12 | . 2 . . . 4 1 5 . Database Lockouts 1 | . . 1 . . . . . . Manual 32 | . 1 4 1 . 17 . 8 1 Terminals 79 | . 27 5 . . 21 6 19 1 Fabricators . | . . . . . . . . . Repair Stations 2 | . . . . . 2 . . . Recycling Units 1 | . . . . . . . 1 . Scanalyzers . | . . . . . . . . . Garrison Access 5 | . . . . . 4 . 1 . Terminal Hacks 80 | . 11 3 50 . 7 3 6 . Record 50 | . . 1 49 . . . . . Robot Schematic 1 | . . . . . . . 1 . Robot Analysis 7 | . 1 2 . . 4 . . . Prototype ID Bank 6 | . 3 . . . 2 . 1 . Open Door 2 | . . . . . . 1 1 . Branch Access Points 1 | . 1 . . . . . . . Emergency Access Points 1 | . . . . . . 1 . . Terminal Index 3 | . 1 . . . 1 . 1 . Scanalyzer Index 1 | . . . . . . . 1 . Alert Level 1 | . 1 . . . . . . . Reprogram Traps 1 | . . . . . . . 1 . Recall Investigation 1 | . 1 . . . . . . . Hauler Manifests 1 | . 1 . . . . . . . Zone Layout 2 | . 2 . . . . . . . Garrison Registry 1 | . . . . . . 1 . . EX-Prototype ID Bank 1 | . . . 1 . . . . . Fabricator Hacks . | . . . . . . . . . Repair Station Hacks . | . . . . . . . . . Recycling Unit Hacks 1 | . . . . . . . 1 . Retrieve Components 1 | . . . . . . . 1 . Scanalyzer . | . . . . . . . . . Garrison Access Hacks 3 | . . . . . 2 . 1 . Unlock Access 2 | . . . . . 1 . 1 . Coupler Status 1 | . . . . . 1 . . . Unauthorized Hacks . | . . . . . . . . . Terminals . | . . . . . . . . . Fabricators . | . . . . . . . . . Repair Stations . | . . . . . . . . . Recycling Units . | . . . . . . . . . Scanalyzers . | . . . . . . . . . Garrison Access . | . . . . . . . . . Data Cores Recovered 1 | . . . . . . . 1 . Used 1 | . . . . . . . 1 . Hacking Detections 24 | . 7 1 . . 8 1 6 1 Full Trace Events 6 | . 3 1 . . 1 1 . . Feedback Events . | . . . . . . . . . Feedback Blocked . | . . . . . . . . . Robot Schematics Acquired 1 | . . . . . . . 1 . Robots Built . | . . . . . . . . . Authchips . | . . . . . . . . . Time . | . . . . . . . . . Total Robot Build Rating . | . . . . . . . . . Part Schematics Acquired . | . . . . . . . . . Parts Built . | . . . . . . . . . Authchips . | . . . . . . . . . Time . | . . . . . . . . . Total Part Build Rating . | . . . . . . . . . Parts Repaired . | . . . . . . . . . Time . | . . . . . . . . . Parts Recycled . | . . . . . . . . . Recycled Matter . | . . . . . . . . . Retrieved Matter . | . . . . . . . . . Retrieved Components 7 | . . . . . . . 7 . Parts Scanalyzed . | . . . . . . . . . Part Schematics Acquired . | . . . . . . . . . Parts Damaged . | . . . . . . . . . Bothacking | -11 -10 -10 -10 -9 -8 -8 -8 -8 ------------ Run | Jun Mat Min Exi Min Mat Gar Sto Gar Used RIF Installer 1 | . . . . . . 1 . . Robots Hacked 7 | . . . . . . 5 . 2 Non-combat . | . . . . . . . . . Combat 7 | . . . . . . 5 . 2 Robot Hacks Applied 7 | . . . . . . 5 . 2 streamctrl_high 1 | . . . . . . 1 . . formatsys_high 6 | . . . . . . 4 . 2 Relay Couplers Released 28 | . . . . . . 21 . 7 Machine Destruction 28 | . . . . . . 21 . 7 Attached 6 | . . . . . . 5 . 1 Fabnet Peak Effective % . | . . . . . . . . . Robots Rewired 6 | . . . . . 3 3 . . Allies Hacked . | . . . . . . . . . Hacks Repelled . | . . . . . . . . . Allies | -11 -10 -10 -10 -9 -8 -8 -8 -8 -------- Run | Jun Mat Min Exi Min Mat Gar Sto Gar Total Allies 24 | . . . . . 3 9 10 2 Largest Group 11 | . . . . . 1 5 11 10 Highest-Rated Group 186 | . . . . . 16 69 186 170 Highest-Rated Ally 29 | . . . . . 16 20 29 29 Total Orders 2 | . . . . . . 2 . . STAY 1 | . . . . . . 1 . . FOLLOW 1 | . . . . . . 1 . . Ally Attacks 163 | . . . . . 12 43 8 100 Total Damage 2218 | . . . . . 179 687 93 1259 Kills 16 | . . . . . 2 5 1 8 Allies Corrupted . | . . . . . . . . . Allies Melted . | . . . . . . . . . Intel | -11 -10 -10 -10 -9 -8 -8 -8 -8 ------- Run | Jun Mat Min Exi Min Mat Gar Sto Gar Robot Analysis Total 7 | . 1 2 . . 4 . . . Derelict Logs Recovered 1 | . . 1 . . . . . . Drone Launches . | . . . . . . . . . Drone Recoveries . | . . . . . . . . . Exploration | -11 -10 -10 -10 -9 -8 -8 -8 -8 ------------- Run | Jun Mat Min Exi Min Mat Gar Sto Gar Turns Passed 4333 | 48 485 598 232 136 790 1238 128 678 Spaces Moved 4242 | 26 459 599 274 112 697 1222 233 620 Core 17 | 1 . . . . 14 . . 2 Treads . | . . . . . . . . . Legs 660 | . . . . . 1 285 31 343 Wheels 1679 | 25 459 599 274 112 210 . . . Hover 22 | . . . . . 22 . . . Flight 1864 | . . . . . 450 937 202 275 Fastest Speed 26 | 50 80 80 80 80 32 42 26 26 Average Speed 69 | 81 80 83 80 80 53 65 38 81 Slowest Speed 200 | 90 80 90 80 80 132 132 135 200 Overloaded Moves . | . . . . . . . . . Propulsion Burnouts . | . . . . . . . . . Robots Hopped 6 | . . . . . 6 . . . Cave-ins Triggered . | . . . . . . . . . Exploration Rate (%) 53 | 3 86 91 62 28 50 82 29 46 Regions Visited 8 Branch Regions 4 Pre-discovered Areas 1 | . . . 1 . . . . . Known Exits Taken 3 | . 1 . . . 1 . 1 . Unknown Exits Taken 4 | 1 . 1 1 1 . . . . Scrap Searched 1 | . . 1 . . . . . . Spaces Dug . | . . . . . . . . . Terrain Destroyed 269 | . . 134 . . 104 31 . . Melee . | . . . . . . . . . Projectile 1 | . . . . . 1 . . . AOE 268 | . . 134 . . 103 31 . . Terrain Rammed . | . . . . . . . . . Walls Destroyed . | . . . . . . . . . Machines Disabled . | . . . . . . . . . Actions | -11 -10 -10 -10 -9 -8 -8 -8 -8 --------- Run | Jun Mat Min Exi Min Mat Gar Sto Gar Total 5218 | 41 518 655 287 144 1005 1563 262 743 Wait 252 | . . . 12 17 136 54 7 26 Move 4224 | 25 458 598 273 111 685 1221 233 620 Hop 5 | . . . . . 5 . . . Pick Up 50 | 2 12 3 1 . 14 18 . . Fast Attach 48 | 7 2 . . 1 12 12 3 11 Attach 23 | . . 2 . . 15 6 . . Detach 18 | . . . . . 10 6 . 2 Swap 77 | 4 4 15 . 2 16 22 4 10 Drop 88 | . 11 8 1 3 17 25 7 16 Fire 266 | 3 31 29 . 10 76 69 7 41 Melee 25 | . . . . . 3 19 1 2 Ram . | . . . . . . . . . Kick . | . . . . . . . . . Crush . | . . . . . . . . . Escape Stasis 65 | . . . . . . 50 . 15 Rewire 19 | . . . . . 16 3 . . Trap 58 | . . . . . . 58 . . Miscellaneous . | . . . . . . . . . Route ------- -11/Junkyard -10/Materials (discovered 3 exits: [*Mat x2] / *Min) -10/Mines (discovered 3 exits: [*Mat x2] / *Exi) -10/Exiles -9/Mines -8/Materials (discovered 3 exits: [*Fac] / *Sto / Gar) -8/Garrison (discovered 3 exits: *Sto x3) -8/Storage -8/Garrison (discovered 1 exit: [*Rec]) History --------- Turn | Location | Event 18 | -11/Junkyard | Discovered new exit (range 15) 49 | -11/Junkyard | Entered Materials 69 | -10/Materials | Identified exit to Mines 213 | -10/Materials | Discovered new exit (range 4) 277 | -10/Materials | Discovered new exit (range 4) 475 | -10/Materials | Build established: Scavenger-Mutant 534 | -10/Materials | Entered Mines 606 | -10/Mines | Found a hidden stash of uninstalled traps 678 | -10/Mines | Discovered new exit (range 11) 893 | -10/Mines | Learned Materials security intel 1001 | -10/Mines | Discovered new exit (range 4) 1024 | -10/Mines | Central database locked down 1032 | -10/Mines | Build established: Mutant 1129 | -10/Mines | Deemed a non-threat by the Exiles lab entrance 1129 | -10/Mines | Discovered new exit (range 5) 1132 | -10/Mines | Entered Exiles 1152 | -10/Exiles | Met 8R-AWN 1165 | -10/Exiles | Met EX-HEX 1188 | -10/Exiles | Met EX-BIN 1199 | -10/Exiles | Aligned with FarCom system 1200 | -10/Exiles | Given EX-Vault access code 1231 | -10/Exiles | Opened EX-Vault 1239 | -10/Exiles | Found Skeleton Box 1258 | -10/Exiles | Warned to stay clear of 0b10 Research branches 1265 | -10/Exiles | Exiles lab attacked by MAIN.C 1330 | -10/Exiles | Learned location of Zion (-7) 1353 | -10/Exiles | Discovered new exit (range 14) 1364 | -10/Exiles | Left Exiles lab with Skeleton Box 1364 | -10/Exiles | Entered Mines 1365 | -9/Mines | Assembled infested the area 1383 | -9/Mines | A weapon hastily lodged in a ceiling crevice suddenly fell to the ground 1467 | -9/Mines | Discovered new exit (range 16) 1500 | -9/Mines | Entered Materials 1500 | -8/Materials | Evolved 4 slots: Propulsion x2, Utility x2 1503 | -8/Materials | Discovered new exit (range 7) 1834 | -8/Materials | Garrison activated, responded to threat 2150 | -8/Materials | Garrison activated, responded to threat 2227 | -8/Materials | Identified exit to Garrison 2230 | -8/Materials | Discovered new exit (range 15) 2290 | -8/Materials | Entered Garrison 2328 | -8/Garrison | Triggered checkpoint 2373 | -8/Garrison | Rescued a captive Derelict 2424 | -8/Garrison | Triggered checkpoint 2426 | -8/Garrison | Triggered checkpoint 2496 | -8/Garrison | Discovered new exit (range 10) 2508 | -8/Garrison | Discovered new exit (range 85) 2508 | -8/Garrison | Discovered new exit (range 14) 2508 | -8/Garrison | Discovered new exit (range 66) 2519 | -8/Garrison | Triggered checkpoint 2551 | -8/Garrison | Installed Relay Interface Framework 2569 | -8/Garrison | Garrison Relay disabled 2620 | -8/Garrison | Triggered checkpoint 2633 | -8/Garrison | Garrison Relay disabled 2825 | -8/Garrison | Triggered checkpoint 2841 | -8/Garrison | Triggered checkpoint 2975 | -8/Garrison | Garrison Relay disabled 3162 | -8/Garrison | Triggered checkpoint 3528 | -8/Garrison | Entered Storage 3528 | -8/Storage | Accompanied by 1 ally 3544 | -8/Storage | Build established: Scavenger-Mutant 3604 | -8/Storage | Assisted by bots powering up and referring to "LRC-V3" 3609 | -8/Storage | Identified exit to Garrison 3648 | -8/Storage | Garrison activated, responded to threat 3656 | -8/Storage | Entered Garrison 3656 | -8/Garrison | Accompanied by 10 allies 3671 | -8/Garrison | Triggered checkpoint 3678 | -8/Garrison | Core integrity fell below 50% 3706 | -8/Garrison | Triggered checkpoint 3728 | -8/Garrison | Triggered checkpoint 4012 | -8/Garrison | Triggered checkpoint 4078 | -8/Garrison | Discovered new exit (range 11) 4104 | -8/Garrison | Build established: Bothacker-Mutant 4117 | -8/Garrison | Garrison Relay disabled 4122 | -8/Garrison | Triggered checkpoint 4284 | -8/Garrison | Triggered checkpoint 4325 | -8/Garrison | Core integrity fell below 20% 4334 | -8/Garrison | Destroyed by G-47 Trooper with Particle Gun Last Messages --------------- 04316_ Cesium-ion Thruster destroyed. 04316_ Critical hit (Burn: +37). 04316_ Dropped Lgt. Nuclear Core. 04316_ Pest 3a destroyed. 04317_ Critical hit (Burn: +37). 04318_ Jacked S-10 Pest... >>formatsys_high Rerouting network defenses. Erasing system data. Installing primary routines, ETC: 6. 04320_ Aluminum Leg destroyed. 04320_ Critical hit (Burn: +37). 04322_ Overheating: Energy bleed (-13). 04322_ Critical hit (Burn: +37). 04323_ Pest 3b destroyed. 04323_ Dropped Pulse Rifle. 04324_ Acquired 10 matter. 04327_ Acquired Flight Unit. 04329_ Lyr. Light Armor Plating destroyed. 04332_ Acquired Flight Unit. Map ----- +----------------------------------------------------+ | %[ #???#[[#???????????????????????????? | | ###########%%##???#[ #???????????????????????????? | | ??????????#==###### [#??????????#######??????????? | | ??????????#=%/ ]#??????????#!!!!!######?????? | | ??????????#%!#"####!!#??????????#! #?????? | | #?????????# # #??####??????????#! #?????? | | #?????????# # #????????????????#!!!!!### ###???? | | #??????##?# # #????????????????#######?# #???? | | #??????# ## # #????????????????????????# #???? | | #??????# #????????????????????????# #???? | | #??????# ! % #????????????????????????# ###???? | | #??????# #????????????????????????# #?????? | | #??????# ##% ###????????????????????????# #?????? | | #??????##?#= #????????????????########### ####### | | ###########% ###########??????# | | !#??????# | | *=^^ %+! #??# | | ########### ####+### ### #??# ################ | | ??????????# #??#%??# #??????# #??????????????? | | ??????????#[ #??#???# #??????# #??????????????? | | ??????????#![#??????# #??????# #??????????????? | | ??????????#%=#### ### #??????# #??????????????? | | ??????????#%%+%=! # ######## #??????????????? | | ??????????# !### ## # ## %*## #??????????????? | | ??????????# *#?????## ## [[## #??????????????? | | ??????????# ####### % @ %g #??????????????? | | ??????????# gsg[ #??????????????? | | ??????????# ! g *%! #??????????????? | | ??????????########## ## ##===#??????????????? | | ?????????????????### ## %!##%%%#??????????????? | | ?????????????????# % ?????????????? | | ?????????????????# = #????????????? | | ?????????????????# %= #????????????? | | ?????????????????# [ g #????????????? | | ?????????????????### ## ## ^^###????????????? | | ???????????????????# ## ## #??????????????? | | ???????????????????# ?????????????? | | ???????????????????# ????????????? | | ???????????????????# ####???????????? | | ???????????????????## ## ## ##??????????????? | | ????????????????????# ## ?# #???????????????? | | ????????????????????# #??????# ????????????????? | | ????????????????????# #??????# ????????????????? | | ????????????????????# #??????# ????????????????? | | ????????????????????# #??????? ????????????????? | | ????????????????????? #?????????????????????????? | | ????????????????????? ??????????????????????????? | | ????????????????????? ??????????????????????????? | | ????????????????????? ??????????????????????????? | | ?????????????????????????????????????????????????? | +----------------------------------------------------+ Best States ------------- Heat Dissipation 45 Energy Generation 14 Energy Capacity 265 Matter Stores 300 Matter Capacity 300 Sight Range 16 Terrain Scan Range 16 Terrain Scan Density 10 Additional Mass Support 6 Armor Coverage 150 Evasion (%) 64 Offensive Hacking 10 Defensive Hacking 10 Relay Coupler Types 1 Relay Coupler Value 33 Authchip Count 3 Item Schematics ----------------- None Robot Schematics ------------------ O-24 Administrator | -8/Storage | Hacked Fabricated ------------ Nothing Alien Tech Used ----------------- None Achievements -------------- None Challenges ------------ None Game ------ Seed ImprinterRefineryTendrils Manual? 0 Play Time 01:29:52 Cumulative 55.0 hours Start 2024.01.12 @ 16:57:57 End 2024.01.12 @ 18:29:34 Sessions 1 Manual Loads 0 Difficulty Rogue Special Mode None Game No. 32 Rogue 32 Adventurer 0 Explorer 0 Win Type - Total 0 Types 0/0/0/0/0/0/0/0/0 Lore% 49 Gallery% 48 Achievement% 39 Wizard Run 0 Options --------- ASCII 0 Keyboard 1 Movement Arrows Keybinds 0 Fullscreen 1 Font 12/Proggy Map View 83x54 Tactical HUD 1 Map Filters NONE Filters NONE Steam 0 RUN: 7822e35e-79d8-4660-a256-67f78ed54636